Sewer Rats vs Blackdemons
(R1)
Created - 15 avril 2014 at 19:10
Goals
|
| Sewer Rats |
2 |
1 |
1 |
4 |
| Blackdemons |
1 |
1 |
1 |
3 |
|
Shots
|
| Sewer Rats |
18 |
11 |
5 |
34 |
| Blackdemons |
18 |
10 |
11 |
39 |
|
1st period
1. Blackdemons , Barry Tallackson 1 (Andrew MacDonald, Matt Hunwick) at 2:57
2. Sewer Rats , John-Michael Liles 1 (Max Pacioretty, Stéphane Yelle) at 13:39 (PP)
3. Sewer Rats , Max Pacioretty 1 (Stéphane Yelle) at 13:45
Penalties :
Sam Gagner (MJM) for Holding (Minor) at 13:31
2nd period
4. Blackdemons , Andrew MacDonald 1 (Sam Gagner, Tomas Kopecky) at 2:15
5. Sewer Rats , Dustin Byfuglien 1 (Stéphane Yelle, Max Pacioretty) at 9:56
Penalties :
Vojtech Polak (Tol) for Interference (Minor) at 4:53, Stéphane Yelle (Tol) for Hooking (Minor) at 4:58, Steven Zalewski (MJM) for Hooking (Minor) at 11:02, Zach Boychuk (MJM) for High sticking (Minor) at 14:42, Michael Kostka (MJM) for Holding Stick (Minor) at 18:32
3rd period
6. Blackdemons , Barry Tallackson 2 (Denis Hamel, Sam Gagner) at 8:44
7. Sewer Rats , Kyle Turris 1 (Derek Dorsett, Steven Kampfer) at 19:28
Penalties :
Patrick Bordeleau (Tol) for Hooking (Minor) at 1:24, Mark Mancari (Tol) for Tripping (Minor) at 6:41, Zach Boychuk (MJM) for Holding (Minor) at 11:03, Nate Prosser (MJM) for High sticking (Minor) at 19:31
Goalie Stats
Semyon Varlamov (Tol), 36 saves from 39 shots - (0,923), W, 1-0-0, 60:00 minutes
Brent Johnson (MJM), 30 saves from 34 shots - (0,882), L, 0-1-0, 60:00 minutes
Players Stats for Sewer Rats
Player Name G A P +/- PIM S H SB GA TA FO MP PP MP PK MP
------------------------------------------------------------------------------------
Andy Delmore 0 0 0 -2 0 1 1 3 0 0 0/0 24:33 3:29 3:01
Derek Dorsett 0 1 1 0 0 2 1 0 0 2 1/2 9:25 0:00 1:23
Dustin Byfuglien 1 0 1 0 0 3 2 1 2 1 0/2 19:29 5:04 0:54
John Erskine 0 0 0 0 0 1 2 2 0 1 0/0 19:52 1:57 2:59
John-Michael Liles 1 0 1 -1 0 3 0 2 0 0 0/0 23:33 6:07 1:49
Kyle Okposo 0 0 0 0 0 3 0 0 0 0 2/2 15:53 3:10 0:00
Kyle Quincey 0 0 0 2 0 1 1 2 1 2 0/0 19:23 5:23 0:04
Kyle Turris 1 0 1 1 0 2 2 1 0 0 7/13 16:17 3:10 0:57
Lars Eller 0 0 0 0 0 0 2 0 0 1 2/5 12:13 0:00 0:00
Mark Mancari 0 0 0 -1 2 1 1 0 0 0 0/1 12:02 0:18 0:00
Matt Lashoff 0 0 0 0 0 0 0 1 0 0 0/0 0:55 0:00 0:00
Max Pacioretty 1 2 3 1 0 4 2 0 0 0 0/1 19:24 5:04 0:21
Mike Mottau 0 0 0 -1 0 1 0 1 0 1 0/0 14:50 0:00 3:36
Niko Dimitrakos 0 0 0 -1 0 2 1 2 1 0 0/1 9:09 0:00 2:51
Patrick Bordeleau 0 0 0 -1 2 0 0 0 0 0 0/0 7:31 0:18 0:00
Stéphane Yelle 0 3 3 1 2 7 0 0 0 1 17/31 21:06 5:04 2:47
Steven Kampfer 0 1 1 2 0 1 0 1 0 0 0/0 8:03 0:00 0:00
Ville Leino 0 0 0 0 0 1 0 0 2 0 1/1 15:55 3:10 0:00
Vojtech Polak 0 0 0 0 2 1 0 0 1 1 2/2 13:36 0:18 0:56
Zach Bogosian 0 0 0 0 0 0 0 1 0 1 0/0 8:51 0:08 0:35
Players Stats for Blackdemons
Player Name G A P +/- PIM S H SB GA TA FO MP PP MP PK MP
------------------------------------------------------------------------------------
Andrew MacDonald 1 1 2 0 0 5 0 0 0 1 0/0 18:05 2:50 0:00
Antoine Roussel 0 0 0 -1 0 3 2 0 0 2 1/1 19:11 3:20 1:53
Barry Tallackson 2 0 2 3 0 3 2 1 4 0 1/2 13:39 2:42 0:00
Brandon Dubinsky 0 0 0 -1 0 8 3 0 0 0 9/19 16:58 3:20 0:00
Brendon Nash 0 0 0 1 0 3 1 0 1 1 0/0 18:19 3:12 0:41
Curtis Glencross 0 0 0 -1 0 5 1 1 1 0 0/0 17:12 0:00 5:25
Denis Hamel 0 1 1 3 0 0 4 0 0 0 1/1 14:53 2:42 1:14
Enver Lisin 0 0 0 -1 0 3 1 0 1 0 3/5 19:11 3:20 1:53
Jakub Kindl 0 0 0 0 0 1 2 2 0 0 0/0 18:18 0:00 5:29
Matt Hunwick 0 1 1 0 0 1 3 0 2 1 0/0 20:10 0:00 5:29
Michael Haley 0 0 0 -1 0 0 0 0 0 0 0/0 8:44 0:00 0:00
Michael Kostka 0 0 0 0 2 0 0 2 0 0 0/0 22:32 3:12 2:22
Nate Prosser 0 0 0 -1 2 0 2 4 0 0 0/0 22:45 2:50 3:03
Sam Gagner 0 2 2 0 2 1 1 1 0 0 7/16 13:56 2:42 0:00
Shawn Matthias 0 0 0 2 0 2 0 0 0 0 0/2 12:00 0:00 1:14
Steven Zalewski 0 0 0 -1 2 0 1 0 0 0 2/4 9:07 0:00 0:00
Tomas Kopecky 0 1 1 -1 0 3 2 0 1 1 5/11 17:12 0:00 5:25
Zach Boychuk 0 0 0 -1 4 1 1 0 1 1 0/0 9:10 0:00 0:00
3 Stars
1 - Barry Tallackson (MJM)
2 - Max Pacioretty (Tol)
3 - Denis Hamel (MJM)
Power Play
Sewer Rats - 1 on 6 Attempt(s) - 16,67%
Blackdemons - 0 on 4 Attempt(s) - 0,00%
Penalty Kill
Sewer Rats - 4 on 4 Attempt(s) - 100,00%
- Score 0 goal in Penalty Kill
Blackdemons - 5 on 6 Attempt(s) - 83,33%
- Score 0 goal in Penalty Kill
Official
Referees : Lee Chris and Dwyer Gord
Linesman : Andy McElman and Ryan Galloway
Game Notes
Matt Lashoff is injured at 3:31 of 1st period (Left Leg)
Zach Bogosian is injured at 6:13 of 2nd period (Bruised Right Foot)
Finance
Level 1 -- Attendance: 1819 (90,95%) -- Ticket Income 54 570 $
Level 2 -- Attendance: 936 (93,60%) -- Ticket Income 9 360 $
Total Attendance: 2755 (91,83%)
Total Ticket Income: 63 930 $
Other Income: 3 196 $
Total Income: 67 126 $
Sewer Rats
5 vs 5 Forward
Center Left Wing Right Wing Time % Phy DF OF
1 Stéphane Yelle Max Pacioretty Dustin Byfuglien 40 1 2 2
2 Kyle Turris Ville Leino Kyle Okposo 30 1 2 2
3 Lars Eller Vojtech Polak Mark Mancari 20 1 2 2
4 Niko Dimitrakos Patrick Bordeleau Derek Dorsett 10 1 2 2
5 vs 5 Defense
Defense Defense Time % Phy DF OF
1 Andy Delmore John-Michael Liles 40 1 2 2
2 Matt Lashoff John Erskine 30 1 2 2
3 Mike Mottau Zach Bogosian 20 1 2 2
4 Steven Kampfer Zach Bogosian 10 1 2 2
PowerPlay Forward
Center Left Wing Right Wing Time % Phy DF OF
1 Stéphane Yelle Max Pacioretty Dustin Byfuglien 60 1 2 2
2 Kyle Turris Ville Leino Kyle Okposo 40 1 2 2
PowerPlay Defense
Defense Defense Time % Phy DF OF
1 Zach Bogosian John-Michael Liles 60 1 2 2
2 Andy Delmore Kyle Quincey 40 1 2 2
Penalty Kill 4 Players Forward
Center Wing Time % Phy DF OF
1 Stéphane Yelle Niko Dimitrakos 60 1 2 2
2 Dustin Byfuglien Vojtech Polak 40 1 2 2
Penalty Kill 4 Players Defense
Defense Defense Time % Phy DF OF
1 Mike Mottau Andy Delmore 60 1 2 2
2 Matt Lashoff John Erskine 40 1 2 2
Penalty Kill - 3 Players Forward
Forward Time % Phy DF OF
1 Stéphane Yelle 60 1 2 2
2 Niko Dimitrakos 40 1 2 2
Penalty Kill - 3 Players Defense
Defense Defense Time % Phy DF OF
1 Mike Mottau John-Michael Liles 60 1 2 2
2 Matt Lashoff John Erskine 40 1 2 2
4 vs 4 Forward
Center Wing Time % Phy DF OF
1 Dustin Byfuglien Ville Leino 60 1 2 2
2 Max Pacioretty Mark Mancari 40 1 2 2
4 vs 4 Defense
Defense Defense Time % Phy DF OF
1 Mike Mottau John-Michael Liles 60 1 2 2
2 Matt Lashoff John Erskine 40 1 2 2
Last Minutes Offensive
Center Left Wing Right Wing Defense Defense
Stéphane Yelle Max Pacioretty Dustin Byfuglien Andy Delmore John-Michael Liles
Last Minutes Defensive
Center Left Wing Right Wing Defense Defense
Stéphane Yelle Ville Leino Dustin Byfuglien Mike Mottau Andy Delmore
Goaltenders
Starting : Semyon Varlamov
Backup : Jhonas Enroth
Extra Forwards
Normal : Kyle Okposo, Vojtech Polak, Derek Dorsett - PP : Kyle Okposo, Vojtech Polak - PK : Derek Dorsett
Extra Defensemen
Normal : Kyle Quincey, Zach Bogosian, Andy Delmore - PP : Kyle Quincey - PK : Zach Bogosian, Andy Delmore
Penalty Shots
Dustin Byfuglien, Ville Leino, Max Pacioretty, Mark Mancari, Kyle Okposo
Blackdemons
5 vs 5 Forward
Center Left Wing Right Wing Time % Phy DF OF
1 Brandon Dubinsky Antoine Roussel Enver Lisin 40 1 2 2
2 Sam Gagner Curtis Glencross Tomas Kopecky 30 1 2 2
3 Shawn Matthias Denis Hamel Barry Tallackson 20 1 3 1
4 Steven Zalewski Zach Boychuk Michael Haley 10 1 4 0
5 vs 5 Defense
Defense Defense Time % Phy DF OF
1 Michael Kostka Nate Prosser 30 1 3 1
2 Jakub Kindl Brendon Nash 30 1 3 1
3 Andrew MacDonald Matt Hunwick 30 1 3 1
4 Michael Kostka Nate Prosser 10 1 1 3
PowerPlay Forward
Center Left Wing Right Wing Time % Phy DF OF
1 Sam Gagner Denis Hamel Barry Tallackson 60 1 2 2
2 Brandon Dubinsky Antoine Roussel Enver Lisin 40 1 1 3
PowerPlay Defense
Defense Defense Time % Phy DF OF
1 Michael Kostka Brendon Nash 60 1 2 2
2 Andrew MacDonald Nate Prosser 40 1 2 2
Penalty Kill 4 Players Forward
Center Wing Time % Phy DF OF
1 Tomas Kopecky Curtis Glencross 60 1 4 0
2 Enver Lisin Antoine Roussel 40 1 3 1
Penalty Kill 4 Players Defense
Defense Defense Time % Phy DF OF
1 Jakub Kindl Matt Hunwick 60 1 4 0
2 Michael Kostka Nate Prosser 40 1 3 1
Penalty Kill - 3 Players Forward
Forward Time % Phy DF OF
1 Tomas Kopecky 60 1 4 0
2 Curtis Glencross 40 1 4 0
Penalty Kill - 3 Players Defense
Defense Defense Time % Phy DF OF
1 Jakub Kindl Matt Hunwick 60 1 4 0
2 Michael Kostka Nate Prosser 40 1 4 0
4 vs 4 Forward
Center Wing Time % Phy DF OF
1 Enver Lisin Antoine Roussel 60 1 2 2
2 Tomas Kopecky Curtis Glencross 40 1 3 1
4 vs 4 Defense
Defense Defense Time % Phy DF OF
1 Jakub Kindl Brendon Nash 60 1 3 1
2 Andrew MacDonald Matt Hunwick 40 1 3 1
Last Minutes Offensive
Center Left Wing Right Wing Defense Defense
Brandon Dubinsky Antoine Roussel Enver Lisin Michael Kostka Nate Prosser
Last Minutes Defensive
Center Left Wing Right Wing Defense Defense
Tomas Kopecky Curtis Glencross Enver Lisin Michael Kostka Nate Prosser
Goaltenders
Starting : Brent Johnson
Backup : Kevin Weekes
Extra Forwards
Normal : Sam Gagner, Barry Tallackson, Denis Hamel - PP : Tomas Kopecky, Curtis Glencross - PK : Shawn Matthias
Extra Defensemen
Normal : Brendon Nash, Matt Hunwick, Andrew MacDonald - PP : Jakub Kindl - PK : Brendon Nash, Andrew MacDonald
Penalty Shots
Brandon Dubinsky, Enver Lisin, Curtis Glencross, Barry Tallackson, Tomas Kopecky
% Time on Ice - Sewer Rats
Lines # - Real PCT - Wanted PCT - Time Play
Normal Forward
1 - 31% - 40% - 14:13
2 - 32% - 30% - 14:27
3 - 24% - 20% - 10:40
4 - 13% - 10% - 6:03
Normal Defense
1 - 30% - 40% - 13:39
2 - 27% - 30% - 12:22
3 - 25% - 20% - 11:19
4 - 18% - 10% - 8:03
PP Forward
1 - 63% - 60% - 5:22
2 - 37% - 40% - 3:10
PP Defense
1 - 95% - 60% - 8:04
2 - 5% - 40% - 0:28
PK Forward
1 - 78% - 60% - 3:14
2 - 22% - 40% - 0:54
PK Defense
1 - 55% - 60% - 2:17
2 - 45% - 40% - 1:51
PK3 Forward
1 - 100% - 60% - 1:54
2 - 0% - 40% - 0:00
PK3 Defense
1 - 69% - 60% - 1:19
2 - 31% - 40% - 0:35
44 Forward
1 - 0% - 60%
2 - 0% - 40%
44 Defense
1 - 0% - 60%
2 - 0% - 40%
Last Minute Offensive - 0:00
Last Minute Defensive - 0:03
Total
Forward - 60:00
Defense - 60:00
|
% Time on Ice - Blackdemons
Lines # - Real PCT - Wanted PCT - Time Play
Normal Forward
1 - 31% - 40% - 14:14
2 - 26% - 30% - 11:39
3 - 24% - 20% - 10:46
4 - 19% - 10% - 8:44
Normal Defense
1 - 30% - 30% - 13:31
2 - 32% - 30% - 14:32
3 - 31% - 30% - 14:15
4 - 7% - 10% - 3:05
PP Forward
1 - 45% - 60% - 2:42
2 - 55% - 40% - 3:20
PP Defense
1 - 53% - 60% - 3:12
2 - 47% - 40% - 2:50
PK Forward
1 - 78% - 60% - 6:39
2 - 22% - 40% - 1:53
PK Defense
1 - 64% - 60% - 5:29
2 - 36% - 40% - 3:03
PK3 Forward
1 - 0% - 60%
2 - 0% - 40%
PK3 Defense
1 - 0% - 60%
2 - 0% - 40%
44 Forward
1 - 0% - 60%
2 - 0% - 40%
44 Defense
1 - 0% - 60%
2 - 0% - 40%
Last Minute Offensive - 0:03
Last Minute Defensive - 0:00
Total
Forward - 60:00
Defense - 60:00
|
Play by Play
1st period
0:01 of 1st period - Antoine Roussel wins face-off versus Stéphane Yelle in neutral zone.
0:10 of 1st period - Snap shot by Enver Lisin.
0:10 of 1st period - Stopped by Semyon Varlamov with a rebound.
0:26 of 1st period - Andy Delmore is hit by Denis Hamel and loses puck.
0:37 of 1st period - Snap shot by Kyle Okposo.
0:37 of 1st period - Shot Blocked by Nate Prosser.
1:31 of 1st period - Wrist shot by Stéphane Yelle.
1:31 of 1st period - Stopped by Brent Johnson without a rebound.
1:32 of 1st period - Stéphane Yelle wins face-off versus Brandon Dubinsky in Blackdemons zone.
1:57 of 1st period - Dustin Byfuglien is hit by Barry Tallackson and loses puck.
2:03 of 1st period - Icing by Max Pacioretty.
2:04 of 1st period - Stéphane Yelle wins face-off versus Shawn Matthias in Sewer Rats zone.
2:45 of 1st period - Slapshot by Barry Tallackson.
2:45 of 1st period - Shot Misses the Net.
2:47 of 1st period - Slapshot by Andrew MacDonald.
2:47 of 1st period - Shot Blocked by Andy Delmore.
2:49 of 1st period - Snap shot by Barry Tallackson.
2:49 of 1st period - Shot Blocked by Andy Delmore.
2:51 of 1st period - Slapshot by Andrew MacDonald.
2:51 of 1st period - Stopped by Semyon Varlamov with a rebound.
2:53 of 1st period - Wrist shot by Matt Hunwick.
2:53 of 1st period - Shot Blocked by John-Michael Liles.
2:55 of 1st period - Slapshot by Andrew MacDonald.
2:55 of 1st period - Stopped by Semyon Varlamov with a rebound.
2:57 of 1st period - Snap shot by Barry Tallackson.
2:57 of 1st period - Goal by Barry Tallackson - Sewer Rats : 0 - Blackdemons : 1.
2:58 of 1st period - Kyle Turris wins face-off versus Brandon Dubinsky in neutral zone.
3:29 of 1st period - Snap shot by Curtis Glencross.
3:29 of 1st period - Stopped by Semyon Varlamov with a rebound.
3:31 of 1st period - Wrist shot by Tomas Kopecky.
3:31 of 1st period - Shot Blocked by Matt Lashoff.
3:31 of 1st period - Matt Lashoff from Sewer Rats is injured at 3:31 of 1st period (Left Leg).
3:32 of 1st period - Brandon Dubinsky wins face-off versus Kyle Turris in Sewer Rats zone.
3:37 of 1st period - Snap shot by Brandon Dubinsky.
3:37 of 1st period - Stopped by Semyon Varlamov without a rebound.
3:38 of 1st period - Brandon Dubinsky wins face-off versus Kyle Turris in Sewer Rats zone.
3:43 of 1st period - Wrist shot by Enver Lisin.
3:43 of 1st period - Stopped by Semyon Varlamov with a rebound.
3:45 of 1st period - Snap shot by Antoine Roussel.
3:45 of 1st period - Stopped by Semyon Varlamov without a rebound.
3:46 of 1st period - Kyle Turris wins face-off versus Sam Gagner in Sewer Rats zone.
3:51 of 1st period - Backhand shot by Ville Leino.
3:51 of 1st period - Shot Misses the Net.
4:16 of 1st period - Wrist shot by Brandon Dubinsky.
4:16 of 1st period - Stopped by Semyon Varlamov with a rebound.
4:18 of 1st period - Wrist shot by Antoine Roussel.
4:18 of 1st period - Shot Blocked by Mike Mottau.
4:20 of 1st period - Slapshot by Andrew MacDonald.
4:20 of 1st period - Shot Blocked by Zach Bogosian.
4:41 of 1st period - Slapshot by Mike Mottau.
4:41 of 1st period - Stopped by Brent Johnson without a rebound.
4:42 of 1st period - Kyle Turris wins face-off versus Sam Gagner in Blackdemons zone.
4:49 of 1st period - Snap shot by Ville Leino.
4:49 of 1st period - Deflect By Kyle Okposo.
4:49 of 1st period - Stopped by Brent Johnson with a rebound.
4:51 of 1st period - Slapshot by Ville Leino.
4:51 of 1st period - Stopped by Brent Johnson with a rebound.
4:53 of 1st period - Snap shot by Kyle Okposo.
4:53 of 1st period - Stopped by Brent Johnson with a rebound.
4:55 of 1st period - Snap shot by John Erskine.
4:55 of 1st period - Stopped by Brent Johnson without a rebound.
4:56 of 1st period - Brandon Dubinsky wins face-off versus Lars Eller in Blackdemons zone.
5:02 of 1st period - Off-side.
5:03 of 1st period - Vojtech Polak wins face-off versus Brandon Dubinsky in neutral zone.
5:15 of 1st period - Off-side.
5:16 of 1st period - Kyle Turris wins face-off versus Sam Gagner in neutral zone.
5:25 of 1st period - Snap shot by Kyle Okposo.
5:25 of 1st period - Shot Blocked by Curtis Glencross.
5:27 of 1st period - Slapshot by Andy Delmore.
5:27 of 1st period - Stopped by Brent Johnson with a rebound.
6:41 of 1st period - Snap shot by Tomas Kopecky.
6:41 of 1st period - Shot Misses the Net.
6:43 of 1st period - Snap shot by Curtis Glencross.
6:43 of 1st period - Stopped by Semyon Varlamov with a rebound.
6:45 of 1st period - Wrist shot by Tomas Kopecky.
6:45 of 1st period - Stopped by Semyon Varlamov with a rebound.
6:47 of 1st period - Wrist shot by Michael Kostka.
6:47 of 1st period - Shot Misses the Net.
6:49 of 1st period - Wrist shot by Curtis Glencross.
6:49 of 1st period - Stopped by Semyon Varlamov without a rebound.
6:50 of 1st period - Brandon Dubinsky wins face-off versus Stéphane Yelle in Sewer Rats zone.
7:03 of 1st period - Snap shot by Brandon Dubinsky.
7:03 of 1st period - Stopped by Semyon Varlamov with a rebound.
7:17 of 1st period - Brendon Nash is hit by Kyle Turris and loses puck.
7:35 of 1st period - Icing by Michael Kostka.
7:36 of 1st period - Lars Eller wins face-off versus Shawn Matthias in Blackdemons zone.
7:42 of 1st period - Off-side.
7:43 of 1st period - Enver Lisin wins face-off versus Max Pacioretty in neutral zone.
7:52 of 1st period - Snap shot by Max Pacioretty.
7:52 of 1st period - Shot Misses the Net.
7:54 of 1st period - Snap shot by Stéphane Yelle.
7:54 of 1st period - Stopped by Brent Johnson without a rebound.
7:55 of 1st period - Brandon Dubinsky wins face-off versus Stéphane Yelle in Blackdemons zone.
8:42 of 1st period - Lars Eller is hit by Steven Zalewski and loses puck.
10:09 of 1st period - Slapshot by Zach Boychuk.
10:09 of 1st period - Stopped by Semyon Varlamov with a rebound.
10:29 of 1st period - Snap shot by Denis Hamel.
10:29 of 1st period - Shot Misses the Net.
10:47 of 1st period - Wrist shot by Barry Tallackson.
10:47 of 1st period - Shot Misses the Net.
10:49 of 1st period - Snap shot by Brendon Nash.
10:49 of 1st period - Stopped by Semyon Varlamov with a rebound.
10:59 of 1st period - Snap shot by Enver Lisin.
10:59 of 1st period - Shot Blocked by Dustin Byfuglien.
11:34 of 1st period - Wrist shot by Mark Mancari.
11:34 of 1st period - Stopped by Brent Johnson without a rebound.
11:35 of 1st period - Brandon Dubinsky wins face-off versus Mark Mancari in Blackdemons zone.
11:50 of 1st period - Wrist shot by Brandon Dubinsky.
11:50 of 1st period - Stopped by Semyon Varlamov with a rebound.
13:09 of 1st period - Snap shot by Antoine Roussel.
13:09 of 1st period - Deflect By Brandon Dubinsky.
13:09 of 1st period - Stopped by Semyon Varlamov without a rebound.
13:10 of 1st period - Sam Gagner wins face-off versus Stéphane Yelle in Sewer Rats zone.
13:31 of 1st period - Minor Penalty to Sam Gagner for Holding.
13:32 of 1st period - Stéphane Yelle wins face-off versus Tomas Kopecky in Blackdemons zone.
13:37 of 1st period - Snap shot by Max Pacioretty.
13:37 of 1st period - Stopped by Brent Johnson with a rebound.
13:39 of 1st period - Slapshot by John-Michael Liles.
13:39 of 1st period - Goal by John-Michael Liles - Sewer Rats : 1 - Blackdemons : 1.
13:40 of 1st period - Stéphane Yelle wins face-off versus Enver Lisin in neutral zone.
13:43 of 1st period - Snap shot by Stéphane Yelle.
13:43 of 1st period - Stopped by Brent Johnson with a rebound.
13:45 of 1st period - Snap shot by Stéphane Yelle.
13:45 of 1st period - Deflect By Max Pacioretty.
13:45 of 1st period - Goal by Max Pacioretty - Sewer Rats : 2 - Blackdemons : 1.
13:46 of 1st period - Stéphane Yelle wins face-off versus Brandon Dubinsky in neutral zone.
13:51 of 1st period - Wrist shot by Stéphane Yelle.
13:51 of 1st period - Stopped by Brent Johnson with a rebound.
13:53 of 1st period - Wrist shot by Max Pacioretty.
13:53 of 1st period - Stopped by Brent Johnson without a rebound.
13:54 of 1st period - Enver Lisin wins face-off versus Stéphane Yelle in Blackdemons zone.
14:01 of 1st period - Snap shot by Brandon Dubinsky.
14:01 of 1st period - Stopped by Semyon Varlamov without a rebound.
14:02 of 1st period - Ville Leino wins face-off versus Brandon Dubinsky in Sewer Rats zone.
14:02 of 1st period - Ville Leino is hit by Brandon Dubinsky.
14:57 of 1st period - John-Michael Liles is hit by Denis Hamel and loses puck.
15:26 of 1st period - Nate Prosser is hit by Andy Delmore and loses puck.
15:33 of 1st period - Snap shot by Mark Mancari.
15:33 of 1st period - Shot Misses the Net.
15:35 of 1st period - Slapshot by John-Michael Liles.
15:35 of 1st period - Stopped by Brent Johnson with a rebound.
15:37 of 1st period - Slapshot by Andy Delmore.
15:37 of 1st period - Shot Blocked by Nate Prosser.
15:43 of 1st period - Wrist shot by Mark Mancari.
15:43 of 1st period - Shot Blocked by Michael Kostka.
15:45 of 1st period - Slapshot by John-Michael Liles.
15:45 of 1st period - Deflect By Nate Prosser.
15:45 of 1st period - Stopped by Brent Johnson without a rebound.
15:46 of 1st period - Kyle Turris wins face-off versus Brandon Dubinsky in Blackdemons zone.
15:57 of 1st period - Slapshot by Ville Leino.
15:57 of 1st period - Deflect By Kyle Turris.
15:57 of 1st period - Stopped by Brent Johnson with a rebound.
16:11 of 1st period - Sam Gagner is hit by Dustin Byfuglien and loses puck.
16:38 of 1st period - Wrist shot by Zach Boychuk.
16:38 of 1st period - Shot Misses the Net.
17:51 of 1st period - Matt Hunwick is hit by Derek Dorsett and loses puck.
18:09 of 1st period - Kyle Turris is hit by Nate Prosser and loses puck.
18:24 of 1st period - Slapshot by Nate Prosser.
18:24 of 1st period - Shot Misses the Net.
18:37 of 1st period - Dustin Byfuglien is hit by Enver Lisin and loses puck.
18:56 of 1st period - John-Michael Liles is hit by Tomas Kopecky and loses puck.
19:35 of 1st period - Ville Leino is hit by Brandon Dubinsky and loses puck.
Goals for this period are 2 for Sewer Rats vs 1 for Blackdemons.
Shots for this period are 18 for Sewer Rats vs 18 for Blackdemons.
2nd period
0:01 of 2nd period - Stéphane Yelle wins face-off versus Brandon Dubinsky in neutral zone.
0:06 of 2nd period - Slapshot by Dustin Byfuglien.
0:06 of 2nd period - Shot Misses the Net.
0:08 of 2nd period - Wrist shot by Stéphane Yelle.
0:08 of 2nd period - Stopped by Brent Johnson with a rebound.
0:28 of 2nd period - Slapshot by Brandon Dubinsky.
0:28 of 2nd period - Shot Misses the Net.
2:13 of 2nd period - Snap shot by Sam Gagner.
2:13 of 2nd period - Shot Misses the Net.
2:15 of 2nd period - Slapshot by Andrew MacDonald.
2:15 of 2nd period - Goal by Andrew MacDonald - Sewer Rats : 2 - Blackdemons : 2.
2:16 of 2nd period - Stéphane Yelle wins face-off versus Brandon Dubinsky in neutral zone.
2:31 of 2nd period - Snap shot by Enver Lisin.
2:31 of 2nd period - Shot Misses the Net.
2:48 of 2nd period - Backhand shot by Nate Prosser.
2:48 of 2nd period - Shot Blocked by Andy Delmore.
3:13 of 2nd period - Snap shot by Niko Dimitrakos.
3:13 of 2nd period - Stopped by Brent Johnson with a rebound.
3:17 of 2nd period - Slapshot by Derek Dorsett.
3:17 of 2nd period - Stopped by Brent Johnson without a rebound.
3:18 of 2nd period - Steven Zalewski wins face-off versus Stéphane Yelle in Blackdemons zone.
3:29 of 2nd period - Brendon Nash is hit by Max Pacioretty and loses puck.
3:44 of 2nd period - Zach Bogosian is hit by Brandon Dubinsky and loses puck.
4:53 of 2nd period - Minor Penalty to Vojtech Polak for Interference.
4:54 of 2nd period - Barry Tallackson wins face-off versus Stéphane Yelle in Sewer Rats zone.
4:55 of 2nd period - Snap shot by Sam Gagner.
4:55 of 2nd period - Stopped by Semyon Varlamov without a rebound.
4:56 of 2nd period - Stéphane Yelle wins face-off versus Sam Gagner in Sewer Rats zone.
4:58 of 2nd period - Minor Penalty to Stéphane Yelle for Hooking.
4:59 of 2nd period - Sam Gagner wins face-off versus Derek Dorsett in Sewer Rats zone.
5:48 of 2nd period - Off-side.
5:49 of 2nd period - Sam Gagner wins face-off versus Kyle Turris in neutral zone.
5:54 of 2nd period - Slapshot by Barry Tallackson.
5:54 of 2nd period - Stopped by Semyon Varlamov with a rebound.
6:12 of 2nd period - Zach Bogosian is hit by Sam Gagner and loses puck.
6:13 of 2nd period - Zach Bogosian from Sewer Rats is injured at 6:13 of 2nd period (Bruised Right Foot).
6:14 of 2nd period - Derek Dorsett wins face-off versus Sam Gagner in Sewer Rats zone.
6:23 of 2nd period - Snap shot by Brendon Nash.
6:23 of 2nd period - Stopped by Semyon Varlamov with a rebound.
6:29 of 2nd period - Slapshot by Brendon Nash.
6:29 of 2nd period - Shot Misses the Net.
6:53 of 2nd period - Penalty to Vojtech Polak is over, Vojtech Polak is back on ice.
6:58 of 2nd period - Penalty to Stéphane Yelle is over, Stéphane Yelle is back on ice.
7:12 of 2nd period - Off-side.
7:13 of 2nd period - Sam Gagner wins face-off versus Stéphane Yelle in neutral zone.
7:39 of 2nd period - John Erskine is hit by Denis Hamel and loses puck.
8:02 of 2nd period - Slapshot by Vojtech Polak.
8:02 of 2nd period - Shot Blocked by Nate Prosser.
8:40 of 2nd period - Brandon Dubinsky is hit by Dustin Byfuglien and loses puck.
8:47 of 2nd period - Snap shot by Brandon Dubinsky.
8:47 of 2nd period - Shot Misses the Net.
8:49 of 2nd period - Slapshot by Andrew MacDonald.
8:49 of 2nd period - Deflect By Max Pacioretty.
8:49 of 2nd period - Stopped by Semyon Varlamov without a rebound.
8:50 of 2nd period - Kyle Okposo wins face-off versus Sam Gagner in Sewer Rats zone.
8:50 of 2nd period - Kyle Okposo is hit by Tomas Kopecky.
9:31 of 2nd period - Stéphane Yelle is hit by Denis Hamel and loses puck.
9:56 of 2nd period - Backhand shot by Dustin Byfuglien.
9:56 of 2nd period - Goal by Dustin Byfuglien - Sewer Rats : 3 - Blackdemons : 2.
9:57 of 2nd period - Brandon Dubinsky wins face-off versus Kyle Turris in neutral zone.
10:40 of 2nd period - Off-side.
10:41 of 2nd period - Stéphane Yelle wins face-off versus Steven Zalewski in neutral zone.
10:46 of 2nd period - Slapshot by Stéphane Yelle.
10:46 of 2nd period - Shot Blocked by Michael Kostka.
10:48 of 2nd period - Snap shot by Stéphane Yelle.
10:48 of 2nd period - Stopped by Brent Johnson with a rebound.
10:50 of 2nd period - Wrist shot by Max Pacioretty.
10:50 of 2nd period - Shot Blocked by Nate Prosser.
10:56 of 2nd period - Snap shot by Dustin Byfuglien.
10:56 of 2nd period - Stopped by Brent Johnson with a rebound.
11:02 of 2nd period - Minor Penalty to Steven Zalewski for Hooking.
11:03 of 2nd period - Stéphane Yelle wins face-off versus Tomas Kopecky in Blackdemons zone.
11:35 of 2nd period - Icing by Kyle Okposo.
11:36 of 2nd period - Tomas Kopecky wins face-off versus Kyle Turris in Sewer Rats zone.
11:49 of 2nd period - Wrist shot by Dustin Byfuglien.
11:49 of 2nd period - Shot Misses the Net.
11:53 of 2nd period - Snap shot by Stéphane Yelle.
11:53 of 2nd period - Stopped by Brent Johnson without a rebound.
11:54 of 2nd period - Tomas Kopecky wins face-off versus Stéphane Yelle in Blackdemons zone.
12:03 of 2nd period - Slapshot by Max Pacioretty.
12:03 of 2nd period - Stopped by Brent Johnson with a rebound.
12:25 of 2nd period - Snap shot by Kyle Turris.
12:25 of 2nd period - Shot Blocked by Jakub Kindl.
12:39 of 2nd period - Denis Hamel is hit by Max Pacioretty and loses puck.
13:02 of 2nd period - Penalty to Steven Zalewski is over, Steven Zalewski is back on ice.
13:06 of 2nd period - Slapshot by Curtis Glencross.
13:06 of 2nd period - Stopped by Semyon Varlamov with a rebound.
13:16 of 2nd period - Lars Eller is hit by Curtis Glencross and loses puck.
13:37 of 2nd period - Snap shot by Niko Dimitrakos.
13:37 of 2nd period - Stopped by Brent Johnson without a rebound.
13:38 of 2nd period - Kyle Okposo wins face-off versus Brandon Dubinsky in Blackdemons zone.
13:39 of 2nd period - Snap shot by Ville Leino.
13:39 of 2nd period - Shot Misses the Net.
14:16 of 2nd period - Andy Delmore is hit by Jakub Kindl.
14:28 of 2nd period - Zach Boychuk is hit by Mark Mancari and loses puck.
14:34 of 2nd period - Icing by Brendon Nash.
14:35 of 2nd period - Lars Eller wins face-off versus Steven Zalewski in Blackdemons zone.
14:40 of 2nd period - Slapshot by Vojtech Polak.
14:40 of 2nd period - Stopped by Brent Johnson with a rebound.
14:42 of 2nd period - Minor Penalty to Zach Boychuk for High sticking.
14:43 of 2nd period - Stéphane Yelle wins face-off versus Tomas Kopecky in Blackdemons zone.
16:42 of 2nd period - Penalty to Zach Boychuk is over, Zach Boychuk is back on ice.
16:43 of 2nd period - Jakub Kindl is hit by John Erskine and loses puck.
17:00 of 2nd period - Wrist shot by Steven Zalewski.
17:00 of 2nd period - Shot Misses the Net.
17:38 of 2nd period - Sam Gagner is hit by Kyle Turris and loses puck.
18:03 of 2nd period - Icing by John Erskine.
18:04 of 2nd period - Steven Zalewski wins face-off versus Lars Eller in Sewer Rats zone.
18:19 of 2nd period - Slapshot by Brandon Dubinsky.
18:19 of 2nd period - Stopped by Semyon Varlamov with a rebound.
18:32 of 2nd period - Minor Penalty to Michael Kostka for Holding Stick.
18:33 of 2nd period - Tomas Kopecky wins face-off versus Stéphane Yelle in Blackdemons zone.
18:33 of 2nd period - Tomas Kopecky is hit by Kyle Quincey.
18:42 of 2nd period - Wrist shot by Tomas Kopecky.
18:42 of 2nd period - Stopped by Semyon Varlamov with a rebound.
18:44 of 2nd period - Snap shot by Jakub Kindl.
18:44 of 2nd period - Stopped by Semyon Varlamov without a rebound.
18:45 of 2nd period - Tomas Kopecky wins face-off versus Dustin Byfuglien in Sewer Rats zone.
18:48 of 2nd period - Wrist shot by Tomas Kopecky.
18:48 of 2nd period - Shot Blocked by John-Michael Liles.
18:58 of 2nd period - Wrist shot by Curtis Glencross.
18:58 of 2nd period - Stopped by Semyon Varlamov with a rebound.
19:16 of 2nd period - Wrist shot by Kyle Okposo.
19:16 of 2nd period - Stopped by Brent Johnson with a rebound.
Goals for this period are 1 for Sewer Rats vs 1 for Blackdemons.
Shots for this period are 11 for Sewer Rats vs 10 for Blackdemons.
3rd period
0:01 of 3rd period - Tomas Kopecky wins face-off versus Stéphane Yelle in neutral zone.
0:04 of 3rd period - Max Pacioretty is hit by Matt Hunwick and loses puck.
0:32 of 3rd period - Penalty to Michael Kostka is over, Michael Kostka is back on ice.
1:24 of 3rd period - Minor Penalty to Patrick Bordeleau for Hooking.
1:25 of 3rd period - Stéphane Yelle wins face-off versus Barry Tallackson in Sewer Rats zone.
2:22 of 3rd period - Snap shot by Dustin Byfuglien.
2:22 of 3rd period - Stopped by Brent Johnson without a rebound.
2:23 of 3rd period - Stéphane Yelle wins face-off versus Enver Lisin in Blackdemons zone.
3:24 of 3rd period - Penalty to Patrick Bordeleau is over, Patrick Bordeleau is back on ice.
3:41 of 3rd period - Snap shot by Matt Hunwick.
3:41 of 3rd period - Stopped by Semyon Varlamov with a rebound.
3:54 of 3rd period - Slapshot by Kyle Quincey.
3:54 of 3rd period - Stopped by Brent Johnson with a rebound.
4:00 of 3rd period - Kyle Quincey is hit by Matt Hunwick and loses puck.
4:28 of 3rd period - Nate Prosser is hit by Lars Eller and loses puck.
4:51 of 3rd period - Enver Lisin is hit by John Erskine and loses puck.
5:04 of 3rd period - Wrist shot by Tomas Kopecky.
5:04 of 3rd period - Stopped by Semyon Varlamov with a rebound.
5:06 of 3rd period - Slapshot by Brendon Nash.
5:06 of 3rd period - Stopped by Semyon Varlamov with a rebound.
6:32 of 3rd period - Off-side.
6:33 of 3rd period - Vojtech Polak wins face-off versus Brandon Dubinsky in neutral zone.
6:41 of 3rd period - Minor Penalty to Mark Mancari for Tripping.
6:42 of 3rd period - Stéphane Yelle wins face-off versus Sam Gagner in Sewer Rats zone.
6:50 of 3rd period - Slapshot by Michael Kostka.
6:50 of 3rd period - Shot Misses the Net.
6:52 of 3rd period - Slapshot by Sam Gagner.
6:52 of 3rd period - Shot Misses the Net.
7:14 of 3rd period - Slapshot by Enver Lisin.
7:14 of 3rd period - Deflect By Antoine Roussel.
7:14 of 3rd period - Shot Misses the Net.
7:14 of 3rd period - Puck is out of play.
7:15 of 3rd period - Enver Lisin wins face-off versus Niko Dimitrakos in Sewer Rats zone.
7:18 of 3rd period - Wrist shot by Enver Lisin.
7:18 of 3rd period - Shot Blocked by Niko Dimitrakos.
7:20 of 3rd period - Slapshot by Andrew MacDonald.
7:20 of 3rd period - Deflect By Enver Lisin.
7:20 of 3rd period - Shot Blocked by John Erskine.
7:20 of 3rd period - Puck is out of play.
7:21 of 3rd period - Brandon Dubinsky wins face-off versus Stéphane Yelle in Sewer Rats zone.
8:30 of 3rd period - Wrist shot by Antoine Roussel.
8:30 of 3rd period - Stopped by Semyon Varlamov with a rebound.
8:32 of 3rd period - Wrist shot by Enver Lisin.
8:32 of 3rd period - Shot Blocked by John Erskine.
8:34 of 3rd period - Backhand shot by Andrew MacDonald.
8:34 of 3rd period - Stopped by Semyon Varlamov with a rebound.
8:36 of 3rd period - Snap shot by Enver Lisin.
8:36 of 3rd period - Shot Blocked by Niko Dimitrakos.
8:38 of 3rd period - Snap shot by Antoine Roussel.
8:38 of 3rd period - Stopped by Semyon Varlamov without a rebound.
8:39 of 3rd period - Sam Gagner wins face-off versus Dustin Byfuglien in Sewer Rats zone.
8:41 of 3rd period - Penalty to Mark Mancari is over, Mark Mancari is back on ice.
8:44 of 3rd period - Wrist shot by Barry Tallackson.
8:44 of 3rd period - Goal by Barry Tallackson - Sewer Rats : 3 - Blackdemons : 3.
8:45 of 3rd period - Kyle Turris wins face-off versus Sam Gagner in neutral zone.
8:57 of 3rd period - Off-side.
8:58 of 3rd period - Sam Gagner wins face-off versus Stéphane Yelle in neutral zone.
10:25 of 3rd period - Snap shot by Antoine Roussel.
10:25 of 3rd period - Shot Misses the Net.
10:27 of 3rd period - Snap shot by Antoine Roussel.
10:27 of 3rd period - Shot Blocked by Steven Kampfer.
10:29 of 3rd period - Slapshot by Enver Lisin.
10:29 of 3rd period - Stopped by Semyon Varlamov without a rebound.
10:30 of 3rd period - Sam Gagner wins face-off versus Kyle Turris in Sewer Rats zone.
10:33 of 3rd period - Snap shot by Tomas Kopecky.
10:33 of 3rd period - Shot Hit the Post.
10:35 of 3rd period - Snap shot by Curtis Glencross.
10:35 of 3rd period - Shot Misses the Net.
10:37 of 3rd period - Slapshot by Brendon Nash.
10:37 of 3rd period - Shot Blocked by Kyle Turris.
10:39 of 3rd period - Slapshot by Jakub Kindl.
10:39 of 3rd period - Shot Blocked by Kyle Quincey.
10:41 of 3rd period - Snap shot by Tomas Kopecky.
10:41 of 3rd period - Shot Misses the Net.
10:55 of 3rd period - Kyle Okposo is hit by Zach Boychuk and loses puck.
11:03 of 3rd period - Minor Penalty to Zach Boychuk for Holding.
11:04 of 3rd period - Stéphane Yelle wins face-off versus Tomas Kopecky in Blackdemons zone.
11:04 of 3rd period - Wrist shot by Max Pacioretty.
11:04 of 3rd period - Shot Blocked by Jakub Kindl.
11:18 of 3rd period - Snap shot by Dustin Byfuglien.
11:18 of 3rd period - Deflect By Tomas Kopecky.
11:18 of 3rd period - Shot Misses the Net.
11:18 of 3rd period - Puck is out of play.
11:19 of 3rd period - Stéphane Yelle wins face-off versus Tomas Kopecky in Blackdemons zone.
11:56 of 3rd period - Slapshot by Matt Hunwick.
11:56 of 3rd period - Shot Blocked by Kyle Quincey.
12:29 of 3rd period - Ville Leino is hit by Nate Prosser and loses puck.
12:46 of 3rd period - Ville Leino is hit by Matt Hunwick and loses puck.
13:03 of 3rd period - Penalty to Zach Boychuk is over, Zach Boychuk is back on ice.
13:40 of 3rd period - Derek Dorsett is hit by Barry Tallackson and loses puck.
13:58 of 3rd period - Andrew MacDonald is hit by Niko Dimitrakos and loses puck.
14:13 of 3rd period - Michael Kostka is hit by Lars Eller and loses puck.
15:24 of 3rd period - John-Michael Liles is hit by Antoine Roussel.
15:28 of 3rd period - Snap shot by Brandon Dubinsky.
15:28 of 3rd period - Stopped by Semyon Varlamov with a rebound.
15:46 of 3rd period - Wrist shot by Mark Mancari.
15:46 of 3rd period - Shot Blocked by Sam Gagner.
16:04 of 3rd period - Kyle Turris is hit by Brendon Nash.
16:32 of 3rd period - Kyle Turris is hit by Antoine Roussel and loses puck.
18:50 of 3rd period - Icing by Ville Leino.
18:51 of 3rd period - Denis Hamel wins face-off versus Lars Eller in Sewer Rats zone.
18:57 of 3rd period - Wrist shot by Shawn Matthias.
18:57 of 3rd period - Stopped by Semyon Varlamov with a rebound.
18:59 of 3rd period - Snap shot by Shawn Matthias.
18:59 of 3rd period - Deflect By Andy Delmore.
18:59 of 3rd period - Stopped by Semyon Varlamov with a rebound.
19:20 of 3rd period - Backhand shot by Mike Mottau.
19:20 of 3rd period - Deflect By Kyle Okposo.
19:20 of 3rd period - Shot Blocked by Barry Tallackson.
19:20 of 3rd period - Puck is out of play.
19:21 of 3rd period - Kyle Turris wins face-off versus Sam Gagner in Blackdemons zone.
19:22 of 3rd period - Wrist shot by Derek Dorsett.
19:22 of 3rd period - Shot Misses the Net.
19:24 of 3rd period - Slapshot by Steven Kampfer.
19:24 of 3rd period - Stopped by Brent Johnson with a rebound.
19:26 of 3rd period - Wrist shot by Derek Dorsett.
19:26 of 3rd period - Stopped by Brent Johnson with a rebound.
19:28 of 3rd period - Snap shot by Kyle Turris.
19:28 of 3rd period - Goal by Kyle Turris - Sewer Rats : 4 - Blackdemons : 3.
19:29 of 3rd period - Brandon Dubinsky wins face-off versus Stéphane Yelle in neutral zone.
19:31 of 3rd period - Minor Penalty to Nate Prosser for High sticking.
19:32 of 3rd period - Stéphane Yelle wins face-off versus Tomas Kopecky in Blackdemons zone.
19:46 of 3rd period - John-Michael Liles is hit by Jakub Kindl and loses puck.
Goals for this period are 1 for Sewer Rats vs 1 for Blackdemons.
Shots for this period are 5 for Sewer Rats vs 11 for Blackdemons.
Output by the SimonT Hockey Simulator (STHS) for François Prévost -- Original Page W3C XHTML 1.0 Valid